 Dungeon Crawl Stone Soup version 0.30-a0-4-ga7cffc901d (webtiles) character file.

Game seed: 13489764455085458294

75 ytrimaz the Insei (level 4, -1/32 HPs)
             Began as a Demonspawn Transmuter on Aug 22, 2022.
             Slain by a jackal (3 damage)
             ... on level 2 of the Dungeon.
             The game lasted 00:02:36 (1776 turns).

ytrimaz the Insei (Demonspawn Transmuter)           Turns: 1776, Time: 00:02:37

Health: -1/32      AC:  2    Str: 11    XL:     4   Next: 11%
Magic:  8/8        EV: 12    Int: 16    God:
Gold:   61         SH:  0    Dex: 13    Spells: 2/8 levels left

rFire   . . .      SeeInvis .      - Unarmed
rCold   . . .      Faith    .    (no shield)
rNeg    . . .      Spirit   .    a - +0 robe
rPois   .          Reflect  .    (helmet currently unavailable)
rElec   .          Harm     .    (no cloak)
rCorr   .          Rampage  .    (no gloves)
Will    +....                    (boots currently unavailable)
Stlth   +.........               (no amulet)
HPRegen 0.10/turn                g - ring of willpower
MPRegen 0.11/turn                (no ring)

@: appendages (expiring)
A: horns 2, talons 2, demonic guardian 2, weakness stinger 1
a: End Transformation


You were on level 2 of the Dungeon.
You had temporarily grown beastly horns and talons.
You visited 1 branch of the dungeon, and saw 2 of its levels.

You collected 61 gold pieces.

Inventory:

Armour
 a - a +0 robe (worn)
Jewellery
 g - a ring of willpower (left hand)
Scrolls
 h - a scroll of acquirement
Potions
 b - a potion of lignification
 c - a potion of brilliance {unknown}
 d - 2 potions of mutation {unknown}
 e - 2 potions of heal wounds {unknown}
 f - 2 potions of flight {unknown}
 j - a potion of degeneration {unknown}
 k - a potion of cancellation {unknown}


   Skills:
 - Level 1.6 Fighting
 - Level 1.7 Dodging
 - Level 3.3 Unarmed Combat
 * Level 2.9 Spellcasting
 * Level 2.1 Transmutations
 * Level 0.8 Poison Magic


You had 2 spell levels left.
You knew the following spells:

 Your Spells              Type           Power      Damage    Failure   Level
a - Beastly Appendage     Tmut           18%        N/A       8%          1
b - Wereblood             Tmut           9%         N/A       12%         2
c - Spider Form           Tmut/Pois      7%         N/A       30%         3

Your spell library contained the following spells:

 Spells                   Type           Power      Damage    Failure   Level
 Ice Form                 Ice/Tmut       5%         N/A       77%         4


Dungeon Overview and Level Annotations

Branches:
Dungeon (2/15)

Altars:

Annotations:
D:2 1 runed translucent door, Crazy Yiuf


Innate Abilities, Weirdness & Mutations

You have temporarily grown beastly horns and talons.
A demonic guardian rushes to your aid.
You have a small tail.


Message History

You kill the jackal!
Your transformation is almost over.
The jackal misses you.
The jackal bites you but does no damage.
The jackal closely misses you.
Unknown command.
You hit the jackal but do no damage. Your kick misses the jackal.
Your tail-slap misses the jackal.
The jackal closely misses you. The jackal misses you.
You hit the jackal. You claw the jackal.
Your tail-slap misses the jackal.
The jackal is heavily wounded.
The jackal closely misses you. The jackal barely misses you.
The jackal misses you. The jackal closely misses you.
You hit the jackal. Your kick misses the jackal.
The jackal is almost dead.
The jackal barely misses you.
The jackal bites you but does no damage.
Unknown command.
You hit the dart slug. You claw the dart slug.
You tail-slap the dart slug, but do no damage.
The dart slug is severely wounded.
The jackal barely misses you. The jackal bites you.
* * * LOW HITPOINT WARNING * * *
The dart slug launches a dart at you. The slug dart hits you.
* * * LOW HITPOINT WARNING * * *
A demonic guardian appears!
You hit the dart slug but do no damage.
The dart slug is severely wounded.
The jackal barely misses you. The jackal closely misses you.
The jackal bites you but does no damage.
The jackal bites you.
* * * LOW HITPOINT WARNING * * *
The dart slug bites you.
* * * LOW HITPOINT WARNING * * *
Unknown command.
You barely miss the jackal. You claw the jackal.
You kill the jackal!
The jackal bites you.
You die...

####..................######.....
#...................# #....##.
......................####.......
##..........>....................
............................#..##
....<..................##........
.###...#....[.............#......
######......h4................
#....†@.....).).#......
#....$w..#####..####..##
[......<.# #))))# #..# ##.......#
♣)PP)♣ #..# ..$....### ♣♣P).♣
#.## ....##. ♣♣.♣♣ #.### .... ##
♣♣.♣ #.... ... ♣.♣♣ #.... ♣♣.♣
#....


You could see a dart slug, a jackal (ally target) and a friendly ice devil
(summoned).

Vanquished Creatures
  3 adders (D:2)
  2 dart slugs
  3 endoplasms
  A giant cockroach (D:1)
  4 goblins
  6 hobgoblins
  3 jackals (D:2)
  3 quokkas
  4 ball pythons (D:1)
  5 bats
  3 frilled lizards (D:1)
  3 kobolds
  4 rats (D:1)
44 creatures vanquished.

Vanquished Creatures (others)
  2 fungi (D:2)
  A plant (D:2)
3 creatures vanquished.

Grand Total: 47 creatures vanquished

Notes
Turn   | Place    | Note
-------+----------+-------------------------------------------
     0 | D:1      | ytrimaz the Demonspawn Transmuter began the quest for the
                  | Orb.
     0 | D:1      | Reached XP level 1. HP: 15/15 MP: 3/3
   258 | D:1      | Reached skill level 3 in Unarmed Combat
   260 | D:1      | Gained mutation: A weak demonic guardian rushes to your
                  | aid. [demonic ancestry]
   260 | D:1      | Reached XP level 2. HP: 11/21 MP: 5/5
   945 | D:1      | Gained mutation: You have a small tail. [demonic ancestry]
   945 | D:1      | Reached XP level 3. HP: 23/26 MP: 6/6
  1019 | D:1      | Identified a scroll of acquirement
  1025 | D:1      | Learned a level 2 spell: Wereblood
  1029 | D:1      | Learned a level 3 spell: Spider Form
  1409 | D:2      | Found a runed translucent door.
  1410 | D:2      | Noticed Crazy Yiuf
  1630 | D:2      | Found a faded altar of an unknown god.
  1644 | D:2      | Gained mutation: A demonic guardian rushes to your aid.
                  | [demonic ancestry]
  1644 | D:2      | Reached XP level 4. HP: 32/32 MP: 6/8
  1776 | D:2      | Slain by a jackal

Illustrated notes

Levels and vault maps discovered:
D:1:      mainiacjoe_arrival_reflecting_pool, layout_rooms
D:2:      layout_rooms, shapermc_ecumenical_altar_ellora, minmay_pentomino_r2,
          uniq_sigmund, uniq_crazy_yiuf_cottage

Skill      XL: |  1  2  3 |
---------------+----------+-----
Unarmed Combat | 3 |  3.3
Transmutations | 2 |  2.1
Fighting       | |  1.6
Dodging        | |  1.7
Spellcasting   | |  2.9
Poison Magic   | |  0.8

Action                   |  1- 3 |  4- 6 || total
-------------------------+-------+-------++-------
Melee: Unarmed           |    90 |    14 ||   104
       Kick              |    17 |     6 ||    23
       Headbutt          |    11 |     3 ||    14
       Tailslap          |     2 |     1 ||     3
       Punch             |     1 |       ||     1
 Cast: Beastly Appendage |    22 |     1 ||    23
  Use: Scroll            |     3 |       ||     3
 Stab: Distracted        |     1 |       ||     1
Armor: Robe              |    33 |    10 ||    43
Dodge: Dodged            |    64 |    26 ||    90

Table legend: (Time is in decaauts)
 A = Elapsed time spent in this place.
 B = Non-inter-level travel time spent in this place.
 C = Inter-level travel time spent in this place.
 D = Time resting spent in this place.
 E = Time spent auto-exploring this place.
 F = Levels seen in this place.
 G = Mean time per level.
                   A        B        C        D        E       F      G
               +--------+--------+--------+--------+--------+-----+--------+
         Total |   1769 |   1752 |     17 |    330 |   1134 |   2 |  884.5 |
       Dungeon |   1769 |   1752 |     17 |    330 |   1134 |   2 |  884.5 |
               +--------+--------+--------+--------+--------+-----+--------+

Top non-repeatable levels by time:
     D:1: 1043 daAuts
     D:2: 726 daAuts
